 Dungeon Crawl Stone Soup version 0.31-a0-1549-g5ff9445e89 (webtiles) character file.

Game seed: 10247372396912619324

2 Anos the Apothecary (level 1, -2/15 HPs)
             Began as a Djinni Fire Elementalist on Jan 2, 2024.
             Slain by Terence
             ... wielding a +0 flail
              (4 damage)
             ... on level 2 of the Dungeon.
             The game lasted 00:02:06 (205 turns).

Anos the Apothecary (Djinni Fire Elementalist)       Turns: 205, Time: 00:02:07

Health: -2/15      AC:  5    Str:  7    XL:     1   Next: 44%
Gold:   8          EV: 10    Int: 16    God:
                   SH:  0    Dex: 13

rFire   + + .        c - +0 hand axe
rCold   x . .        (no shield)
rNeg    . . .        e - +0 ring mail
rPois   ∞            (no helmet)
rElec   .            (no cloak)
rCorr   .            (no gloves)
SInv    .            (boots unavailable)
Will    .....        (no amulet)
Stlth   +            (no ring)
HPRegen 0.22/turn    (no ring)
MPRegen 0.00/turn

%: infuse magic (-3 HP)
@: flying
A: sickness immunity, fire resistance 2, cold vulnerability 1, float, innate
caster, HP casting, extra vitality 1
a: no special abilities


You were on level 2 of the Dungeon.
You visited 1 branch of the dungeon, and saw 2 of its levels.

You collected 8 gold pieces.

Inventory:

Hand Weapons
 c - a +0 hand axe (weapon)
Armour
 a - a +0 robe
 e - a +0 ring mail (worn)
Scrolls
 d - a scroll of silence {unknown}
 f - a scroll of identify {unknown}
Potions
 b - a potion of magic {unknown}


   Skills:
 * Level 2.2 Dodging
 - Level 1.5 Stealth
 * Level 3.1 Spellcasting
 * Level 3.1 Conjurations
 * Level 3.1 Hexes
   Level 0.0 Charms
 * Level 3.1 Summonings
 * Level 3.1 Necromancy
 * Level 3.1 Translocations
   Level 0.0 Transmutations
 * Level 3.1 Fire Magic
 * Level 3.1 Ice Magic
 * Level 3.1 Air Magic
 * Level 3.1 Earth Magic
 * Level 3.1 Alchemy


You knew the following spells:

 Your Spells              Type           Power      Damage    Failure   Level
a - Foxfire               Conj/Fire      48%        2x1d6     19%         1
b - Scorch                Fire           24%        2d6       26%         2
c - Volatile Blastmotes   Fire/Tloc      24%        2d12      47%         3
d - Inner Flame           Hex/Fire       12%        N/A       47%         3
e - Flame Wave            Conj/Fire      12%        2d6       87%         4
Your spell library was empty.

Dungeon Overview and Level Annotations

Branches:
Dungeon (2/15)

Altars:

Annotations:
D:2 Terence


Innate Abilities, Weirdness & Mutations

You are immune to sickness and miasma.
You are immune to poison.
Your flesh is very heat resistant. (rF++)
You are vulnerable to cold. (rC-)
You float through the air rather than walking.
You learn spells naturally, not from books.
Your magical power is your life essence.
You have superior vitality. (+4 MHP)


Message History

Terence shouts!
A frilled lizard comes into view.
You conjure some foxfire!
The foxfire hits the frilled lizard.
You kill the frilled lizard!
The foxfire hits Terence but does no damage.
Terence screams, "I'm going to kill you!"
You conjure some foxfire!
Your foxfire dissipates!
The foxfire hits Terence.
Terence is lightly wounded.
You conjure some foxfire!
The foxfire hits Terence but does no damage.
Terence is lightly wounded.
The foxfire hits Terence.
Terence is lightly wounded.
Terence hits you but does no damage.
You miscast Foxfire.
You are very lightly contaminated with residual magic.
Nothing appears to happen.
Terence barely misses you.
Terence says, "Time to say good-bye..."
You conjure some foxfire!
Terence closely misses you.
Your foxfire dissipates!
You conjure some foxfire!
Terence closely misses you.
Your foxfire dissipates!
Terence barely misses you.
You conjure some foxfire!
Terence closely misses you.
Your magical contamination has completely faded away.
Your foxfire dissipates!
The foxfire hits Terence but does no damage.
Terence is lightly wounded.
Terence attacks as he pursues you! Terence hits you with a +0 flail.
Terence barely misses you. Terence attacks as he pursues you!
Terence hits you with a +0 flail.
* * * LOW HITPOINT WARNING * * *
You closely miss Terence.
Terence is lightly wounded.
Terence hits you with a +0 flail.
You die...
Terence says, "Rest in peace."

...[# #..# #
#..#.# #..#.#.#
# #......#
....##..#######
#...........#
#.#########@#
.. #.......@#
.## .#.########
##. .#...# ..#
.###.# ..#
..##.# ..# ..
#.# ..# .#.#.#
..#####...#.#
.....†.#
#.#####


You could see Terence.

Vanquished Creatures
  A quokka (D:2)
  A frilled lizard (D:2)
  A rat (D:2)
3 creatures vanquished.

Vanquished Creatures (others)
  8 foxfires (D:2)
8 creatures vanquished.

Grand Total: 11 creatures vanquished

Notes
Turn   | Place    | Note
-------+----------+-------------------------------------------
     0 | D:1      | Anos the Djinni Fire Elementalist began the quest for the
                  | Orb.
     0 | D:1      | Anos set off with the following spells memorised: Foxfire,
                  | Scorch, Volatile Blastmotes, Inner Flame, Flame Wave.
     0 | D:1      | Reached XP level 1. HP: 15/15 MP: 0/0
   184 | D:2      | Noticed Terence
   205 | D:2      | Slain by Terence

Illustrated notes

Levels and vault maps discovered:
D:1:      spicycebolla_arrival_clurvy, layout_loops_corners,
          chequers_ecumenical_altar_twisty, nicolae_figureground_pulse
D:2:      layout_basic, uniq_robin, uniq_terence

Action                     || total
---------------------------++-------
  Melee: Unarmed           ||    17
         Hand axe          ||    10
         Punch             ||     1
   Cast: Foxfire           ||     8
 Armour: Ring mail         ||    11
  Dodge: Dodged            ||    10

Table legend: (Time is in decaauts)
 A = Elapsed time spent in this place.
 B = Non-inter-level travel time spent in this place.
 C = Inter-level travel time spent in this place.
 D = Time resting spent in this place.
 E = Time spent auto-exploring this place.
 F = Levels seen in this place.
 G = Mean time per level.
                   A        B        C        D        E       F      G
               +--------+--------+--------+--------+--------+-----+--------+
         Total |    207 |    207 |      0 |      0 |      0 |   2 |  103.5 |
       Dungeon |    207 |    207 |      0 |      0 |      0 |   2 |  103.5 |
               +--------+--------+--------+--------+--------+-----+--------+

Top non-repeatable levels by time:
     D:2: 116 daAuts
     D:1: 90 daAuts
